 Dungeon Crawl Stone Soup version 0.19.0-19-g8c6edcc (webtiles) character file.

4444 KarmaPolice the Slasher (level 10, -4/76 HPs)
             Began as a Vampire Skald on Nov 13, 2016.
             Was a Priest of Kikubaaqudgha.
             Killed from afar by an orc wizard (9 damage)
             ... with a magic dart
             ... on level 8 of the Dungeon.
             The game lasted 00:33:47 (12266 turns).

KarmaPolice the Slasher (Vampire Skald)            Turns: 12266, Time: 00:33:47

Health: -4/76      AC:  0    Str: 12    XL:     10   Next: 15%
Magic:  12/16      EV: 18    Int: 16    God:    Kikubaaqudgha [***...]
Gold:   361        SH:  0    Dex: 20    Spells: 5 memorised, 6 levels left

rFire  . . .     SeeInvis +     (weapon currently unavailable)
rCold  + . .     Gourm    .     (armour currently unavailable)
rNeg   + + .     Faith    .     (shield currently unavailable)
rPois  +         Spirit   .     (helmet currently unavailable)
rElec  .         Reflect  .     (cloak currently unavailable)
rCorr  .         Harm     .     (gloves currently unavailable)
MR     +....                    (boots currently unavailable)
Stlth  ++++......               (no amulet)
                                (ring currently unavailable)
                                (ring currently unavailable)

@: bat-form, infused, flying, regenerating slowly, very quick
A: fangs 3, see invisible, (unbreathing)
a: End Transformation, Receive Corpses, Renounce Religion


You were on level 8 of the Dungeon.
You worshipped Kikubaaqudgha.
Kikubaaqudgha was most pleased with you.
You were very thirsty.
You were in vampire-bat-form.
You visited 2 branches of the dungeon, and saw 9 of its levels.

You collected 361 gold pieces.

Inventory:

Hand Weapons
 j - the +9 falchion of Joacul (melded) {slice, +Rage rF+}
   (You found it on level 5 of the Dungeon)

   It inflicts extra damage upon your enemies.
   It protects you from fire.
   It lets you go berserk.
Armour
 b - a +0 leather armour
 g - a +1 cloak (melded)
 o - a +0 pair of boots (melded)
 q - a +0 robe (melded)
 s - a +0 pair of gloves (melded)
 y - a +0 helmet (melded)
Wands
 l - a wand of lightning (2/15)
Scrolls
 a - a scroll of recharging {unknown}
 e - 3 scrolls of enchant weapon
 h - a scroll of magic mapping {unknown}
 i - a scroll of identify
 m - a scroll of enchant armour {unknown}
 v - 2 scrolls of teleportation {unknown}
 w - a scroll of blinking {unknown}
 A - a scroll of amnesia {unknown}
Potions
 d - 7 potions of blood
 k - 2 potions of berserk rage
 n - a potion of beneficial mutation {unknown}
 p - 2 potions of mutation {unknown}
 r - a potion of resistance {unknown}
 u - a potion of cancellation {unknown}
 x - 2 potions of haste {unknown}
 z - a potion of degeneration {unknown}
Books
 c - a book of Battle

   Spells                             Type                      Level
   a - Infusion                       Charms                       1
   b - Shroud of Golubria             Charms/Translocation         2
   c - Song of Slaying                Charms                       2
   d - Spectral Weapon                Hexes/Charms                 3
   e - Regeneration                   Charms/Necromancy            3
 f - Kikubaaqudgha's Disquisition on Unholy Arts
   (Kikubaaqudgha gifted it to you on level 7 of the Dungeon)

   Spells                             Type                      Level
   a - Animate Dead                   Necromancy                   4
   b - Excruciating Wounds            Charms/Necromancy            5
   c - Agony                          Necromancy                   5
   d - Dispel Undead                  Necromancy                   5
   e - Simulacrum                     Ice/Necromancy               6
 t - Kikubaaqudgha's Papyrus of Sinister Secrets
   (Kikubaaqudgha gifted it to you on level 6 of the Dungeon)

   Spells                             Type                      Level
   a - Pain                           Necromancy                   1
   b - Corpse Rot                     Necromancy                   2
   c - Sublimation of Blood           Necromancy                   2
   d - Regeneration                   Charms/Necromancy            3
   e - Control Undead                 Necromancy                   4


   Skills:
 - Level 6.0 Fighting
 + Level 7.5 Long Blades
 + Level 3.2 Armour
 - Level 1.1 Dodging
 - Level 4.2 Spellcasting
 + Level 7.1 Hexes
 - Level 6.1 Charms
 + Level 7.3 Necromancy


You had 6 spell levels left.
You knew the following spells:

 Your Spells              Type           Power        Failure   Level  Hunger
a - Infusion              Chrm           ###.         1%          1    None
b - Shroud of Golubria    Chrm/Tloc      ##........   10%         2    ##.....
c - Song of Slaying       Chrm           ###.....     1%          2    ##.....
d - Regeneration          Chrm/Necr      ####......   3%          3    ###....
e - Spectral Weapon       Hex/Chrm       ###.....     3%          3    ###....


Dungeon Overview and Level Annotations

Branches:
Dungeon (8/15)             Temple (1/1) D:4
   Lair: D:8-11

Altars:
Ashenzari
Cheibriados
Dithmenos
Elyvilon
Gozag
Hepliaklqana
Kikubaaqudgha
Makhleb
Nemelex Xobeh
Okawaru
Ru
Sif Muna
Uskayaw
Vehumet
The Shining One

Shops:
D:8 [


Innate Abilities, Weirdness & Mutations

You heal slowly.
You have razor-sharp teeth.
You have supernaturally acute eyesight. (SInv)
((You can survive without breathing.))


Message History

Your +1 cloak melds into your body.
Your +0 helmet melds into your body.
Your +0 pair of gloves melds into your body.
Your +0 pair of boots melds into your body.
Your +0 robe melds into your body.
Unknown command.
The orc wizard mumbles some strange words.
The orc wizard seems to speed up.
A black bear comes into view.
The orc wizard points at you and mumbles some strange words.
The magic dart hits you!
* * * LOW HITPOINT WARNING * * *
Okay, then.
Okay, then.
Evoke which item? (* to show all) (? for menu, Esc to quit)
You have no means to grasp a wand firmly enough.
Unknown command.
The orc wizard points at you and mumbles some strange words.
The magic dart hits you!
You die...
Kikubaaqudgha rasps: "You have failed me!
Welcome... oblivion!"

###### ####### #....# ......#
#....#######
....#.####....#.....#
.>..'.........'.....# #########
....#∩#########.....## #........
...<#.# #......# #........
...(#.# #.b....# #........
#+###.# ####......## #........
..#.# #........o.# ########.
#.#.# #...(..###.## #. #.#.#
#......# #..# #.
#.#.#.######......####.##########
#..........+..........oo.o......)
###.#.######......####.#o..######
###.#.# #.........#.#...#


You could see an orc wizard.

Vanquished Creatures
  A slime creature (D:7)
  2 hippogriffs (D:7)
  Grinder (D:4)
  Prince Ribbit (D:7)
  Sigmund (D:2)
  A hungry ghost (D:7)
  4 wargs (D:8)
  3 orc warriors
  An ice beast (D:8)
  A phantom (D:5)
  An ogre (D:6)
  3 centaurs
  4 bullfrogs
  A howler monkey (D:3)
  4 wights (D:7)
  2 crimson imps
  2 bullfrog zombies
  6 hounds
  4 bullfrog skeletons
  3 orc priests
  8 jellies
  An iguana (D:6)
  4 orc wizards
  10 worker ants
  A killer bee zombie (D:8)
  A hound skeleton (D:5)
  A worker ant zombie (D:8)
  3 gnolls (D:7)
  9 adders
  2 shadow imps
  14 oozes
  5 worms
  2 dart slugs
  5 leopard geckos
  24 orcs
  5 giant cockroaches
  12 hobgoblins
  14 jackals
  13 kobolds
  A quokka (D:5)
  A ball python (D:3)
  7 bats
  6 frilled lizards
  5 goblins
  8 rats
208 creatures vanquished.

Vanquished Creatures (others)
  4 fungi (D:7)
4 creatures vanquished.

Grand Total: 212 creatures vanquished

Notes
Turn   | Place    | Note
-------+----------+-------------------------------------------
     0 | D:1      | KarmaPolice the Vampire Skald began the quest for the Orb.
     0 | D:1      | Reached XP level 1. HP: 16/16 MP: 3/3
   377 | D:1      | Reached XP level 2. HP: 16/22 MP: 5/5
  1381 | D:1      | Learned a level 2 spell: Shroud of Golubria
  1384 | D:1      | Learned a level 2 spell: Song of Slaying
  1386 | D:2      | Noticed Sigmund
  1830 | D:2      | Reached XP level 3. HP: 27/27 MP: 3/6
  2149 | D:2      | Reached XP level 4. HP: 23/34 MP: 0/8
  2168 | D:2      | Killed Sigmund
  2168 | D:2      | Reached XP level 5. HP: 2/41 MP: 3/9
  2176 | D:2      | Learned a level 3 spell: Regeneration
  2953 | D:3      | Reached skill level 1 in Necromancy
  2953 | D:3      | Reached XP level 6. HP: 45/47 MP: 1/10
  3449 | D:3      | Reached skill level 5 in Charms
  4520 | D:4      | Reached XP level 7. HP: 45/53 MP: 6/11
  5033 | D:4      | Noticed Grinder
  5368 | D:4      | Paralysed by Grinder for 3 turns
  5377 | D:4      | Paralysed by Grinder for 7 turns
  5387 | D:4      | Paralysed by Grinder for 7 turns
  5397 | D:4      | Paralysed by Grinder for 2 turns
  5402 | D:4      | Killed Grinder
  5800 | D:4      | Found a staircase to the Ecumenical Temple.
  5808 | Temple   | Entered the Ecumenical Temple
  5877 | Temple   | Became a worshipper of Kikubaaqudgha
  6385 | D:5      | Entered Level 5 of the Dungeon
  6762 | D:5      | Reached XP level 8. HP: 57/61 MP: 12/12
  6877 | D:5      | Got a steaming falchion
  6878 | D:5      | Identified the +9 falchion of Joacul {slice, +Rage rF+} (You found it on level 5 of the Dungeon)
  7422 | D:5      | Reached skill level 5 in Long Blades
  7567 | D:6      | Learned a level 3 spell: Spectral Weapon
  7631 | D:6      | Found a faded altar of an unknown god.
  7631 | D:6      | Found a faded altar of an unknown god.
  7636 | D:6      | Found a hazy altar of Hepliaklqana.
  7638 | D:6      | Found a faded altar of an unknown god.
  7641 | D:6      | Found a faded altar of an unknown god.
  7806 | D:6      | Reached skill level 5 in Fighting
  7861 | D:6      | Reached * piety under Kikubaaqudgha
  7861 | D:6      | Identified Kikubaaqudgha's Papyrus of Sinister Secrets (Kikubaaqudgha gifted it to you on level 6 of the Dungeon)
  7861 | D:6      | Received a gift from Kikubaaqudgha
  8208 | D:6      | Reached skill level 5 in Necromancy
  8309 | D:7      | Noticed a hippogriff
  8316 | D:7      | Reached skill level 1 in Hexes
  8327 | D:7      | Killed a hippogriff
  8588 | D:7      | Reached XP level 9. HP: 66/69 MP: 12/15
  8901 | D:7      | Noticed Prince Ribbit
  9518 | D:7      | Reached ** piety under Kikubaaqudgha
 10259 | D:8      | Reached skill level 1 in Armour
 10363 | D:8      | Found a sparkling altar of Nemelex Xobeh.
 10520 | D:8      | Reached skill level 5 in Hexes
 10583 | D:8      | Noticed an orc knight
 10607 | D:8      | HP: 2/69 [bullfrog (4)]
 11133 | D:8      | Found Xasiuk's Antique Armour Shoppe.
 11419 | D:7      | Reached *** piety under Kikubaaqudgha
 11419 | D:7      | Identified Kikubaaqudgha's Disquisition on Unholy Arts (Kikubaaqudgha gifted it to you on level 7 of the Dungeon)
 11419 | D:7      | Received a gift from Kikubaaqudgha
 11440 | D:7      | Reached XP level 10. HP: 71/76 MP: 0/16
 11690 | D:7      | Killed Prince Ribbit
 12266 | D:8      | Killed from afar by an orc wizard

Skill      XL: |  1  2  3  4  5  6  7  8  9 10 |
---------------+-------------------------------+-----
Fighting       | 2 3 4 5 6 |  6.0
Charms         | 4 5 6 |  6.1
Long Blades    | 3 4 5 7 |  7.5
Spellcasting   | 3 4 |  4.2
Necromancy     | 1 2 3 5 7 |  7.3
Hexes          | 2 6 7 |  7.1
Armour         | 2 3 |  3.2
Dodging        | |  1.1

Action                   |  1- 3 |  4- 6 |  7- 9 | 10-12 || total
-------------------------+-------+-------+-------+-------++-------
Melee: Falchion          |   106 |   103 |   307 |    30 ||   546
       Bite              |    10 |    14 |    48 |     2 ||    74
       Unarmed           |       |    12 |    71 |       ||    83
 Cast: Infusion          |     7 |    11 |    30 |     5 ||    53
       Song of Slaying   |     4 |     1 |    10 |       ||    15
       Regeneration      |       |     5 |    20 |     4 ||    29
       Shroud of Golubri |       |     1 |    20 |     3 ||    24
 Abil: Bat Form          |     2 |    12 |    42 |     6 ||    62
       End Transformatio |     2 |    12 |    42 |     5 ||    61
Evoke: Wand              |       |       |     2 |       ||     2
  Use: Potion            |     5 |     2 |    14 |     1 ||    22
       Scroll            |       |       |     5 |       ||     5
 Stab: Sleeping          |     1 |     9 |     8 |       ||    18
       Distracted        |       |     1 |     2 |       ||     3
  Eat: Corpse            |       |     3 |     6 |       ||     9
Armor: Leather armour    |    26 |    24 |    12 |       ||    62
       Robe              |       |       |    69 |     5 ||    74
Dodge: Dodged            |    70 |    74 |   219 |    12 ||   375
       Rpst.: Falchion   |    24 |    23 |    53 |     2 ||   102
